AoeStats
← Vanilla

Arena

510545122Analyzed
3v3 RM · 2d ago on Oct 1, 2026· 34m 37s· 6 players
Game mode
Random Map
Map size
Normal (6 player)
Population
200
Speed
Normal
Resources
Standard
Victory
Conquest
Starting age
Dark Age
Ending age
Imperial Age
RankedLock teamsTeams togetherTeam positionsShared explorationLock speedFull tech treeHidden civsTurbo modeCheats
Victory
Defeat
🇹🇼 Danes · Taiwan
1116
+10
🇷🇺 Turks · Russia
1089
+11
🇹🇼 Sicilians · Taiwan
765
+24
🇹🇷 Hindustanis · Türkiye
986
-16
🇦🇷 Burgundians · Argentina
957
-15
🇨🇳 Magyars · China
944
-14
makrimonos
10:30 Feudal Age
17:57 Castle Age
16:01 Horse Collar
16:18 Gold Mining
21:26 Double-Bit Axe
21:47 Heavy Plow
21:39 Gold Mining
23:01 Bow Saw
Vanilla
0:27 Loom
10:55 Feudal Age
14:40 Castle Age
13:14 Double-Bit Axe
13:46 Horse Collar
21:09 Heavy Plow
21:38 Bow Saw
26:52 Gold Mining
26:52 Stone Mining
28:15 Gold Shaft Mining
28:21 Loom
29:14 Wheelbarrow
32:01 Imperial Age
30:17 Fletching
30:27 Padded Archer Armor
30:49 Corvinian Army
31:46 Thumb Ring
31:38 Bodkin Arrow
31:58 Leather Archer Armor
drom0028
10:02 Feudal Age
10:41 Double-Bit Axe
12:37 Loom
13:21 Town Watch
16:35 Castle Age
16:42 Castle Age
15:22 Bow Saw
18:38 Two-Man Saw
19:51 Husbandry
22:49 Horse Collar
24:32 Heavy Plow
27:11 Wheelbarrow
27:19 Burgundian Vineyards
27:47 Gold Mining
32:44 Imperial Age
32:10 Cavalier
33:18 Scale Barding Armor
33:24 Forging
33:55 Gold Shaft Mining
34:38 Conscription
aa621514
10:34 Feudal Age
15:21 Castle Age
13:11 Double-Bit Axe
17:57 Bow Saw
18:09 Horse Collar
20:14 Scale Mail Armor
24:15 Chain Mail Armor
24:11 Forging
25:50 Wheelbarrow
27:47 Iron Casting
28:33 Squires
28:19 Arson
29:19 Hand Cart
29:05 Gold Mining
30:55 Hamask
37:06 Imperial Age
Michael嘉
12:38 Feudal Age
12:46 Feudal Age
13:32 Double-Bit Axe
13:38 Gold Mining
16:48 Castle Age
21:22 Imperial Age
19:52 Bow Saw
21:13 Wheelbarrow
p123321x
15:30 Feudal Age
16:33 Double-Bit Axe
16:31 Horse Collar
20:13 Castle Age
18:47 Stone Mining
18:53 Gold Mining
21:20 Bow Saw
24:02 Heavy Plow
24:07 Scale Mail Armor
29:23 Forging
29:29 Chain Mail Armor
30:19 Wheelbarrow
30:57 Iron Casting
32:20 First Crusade
32:41 Pikeman
33:10 Arson
33:33 Squires
32:54 Pikeman
35:15 Masonry
Connection lost

Rejoining the realm…

Still unreachable

The connection could not be restored.

Session expired

The server has moved on; the page needs a fresh start.